 Dungeon Crawl Stone Soup version 0.30-a0-739-gea05faddec (webtiles) character file.

Game seed: 910577472534263563

715 timneilson the Shield-Bearer (level 7, -2/43 HPs)
             Began as a Gargoyle Fighter on Feb 5, 2023.
             Was a Believer of Okawaru.
             Killed by divine providence
             ... invoked by an orc priest
              (11 damage)
             ... on level 5 of the Dungeon.
             The game lasted 00:07:11 (3349 turns).

timneilson the Shield-Bearer (Gargoyle Fighter)     Turns: 3349, Time: 00:07:11

Health: -2/43      AC: 20    Str: 20    XL:     7   Next: 69%
Magic:  8/8        EV:  8    Int:  8    God:    Okawaru [**....]
Gold:   337        SH:  7    Dex: 17    Spells: 6/6 levels left

rFire   . . .      SeeInvis .    j - +0 scimitar (drain)
rCold   . . .      Faith    .    c - +1 buckler
rNeg    + . .      Spirit   .    v - +0 chain mail
rPois   ∞          Reflect  .    (no helmet)
rElec   +          Harm     .    (no cloak)
rCorr   .          Rampage  .    (no gloves)
Will    .....                    s - +0 pair of boots Stlth
                                 (no amulet)
HPRegen 0.27/turn                l - +6 ring of dexterity
MPRegen 0.11/turn                n - +4 ring of protection

@: no status effects
A: sickness immunity, AC +4, negative energy resistance 1, electricity
resistance, torment resistance 1, petrification resistance
a: Renounce Religion, Heroism


You were on level 5 of the Dungeon.
You worshipped Okawaru.
Okawaru was pleased with you.
You visited 1 branch of the dungeon, and saw 5 of its levels.
You also visited: Sewer.

You collected 337 gold pieces.

Inventory:

Hand Weapons
 a - a +1 long sword
 j - a +0 scimitar of draining (weapon)
Armour
 c - a +1 buckler (worn)
 s - a +0 pair of boots (worn)
 v - a +0 chain mail (worn)
Jewellery
 l - a +6 ring of dexterity (left hand)
 n - a +4 ring of protection (right hand)
 o - a ring of fire
 r - a ring of see invisible
Wands
 p - a wand of charming (13)
Scrolls
 e - 2 scrolls of identify
 g - 5 scrolls of enchant weapon
 i - a scroll of fog
 t - a scroll of teleportation
Potions
 d - 2 potions of might
 f - 3 potions of curing
 h - a potion of ambrosia
 k - a potion of heal wounds
 m - a potion of flight
 u - a potion of resistance
 w - a potion of haste
Miscellaneous
 y - a lightning rod (4/4)


   Skills:
 + Level 4.3 Fighting
 * Level 4.0 Long Blades
 * Level 5.4 Armour
 + Level 1.9 Dodging
 * Level 5.4 Shields
 + Level 1.9 Invocations
 + Level 0.4 Evocations


You had 6 spell levels left.
You didn't know any spells.
Your spell library contained the following spells:

 Spells                   Type           Power      Damage    Failure   Level
 Shock                    Conj/Air       0%         1d3       99%         1
 Ensorcelled Hibernation  Hex/Ice        0%         N/A       100%        2
 Passwall                 Tmut/Erth      0%         N/A       100%        2
 Swiftness                Air            0%         N/A       100%        3
 Airstrike                Air            0%         2d(0-16)  100%        4
 Petrify                  Tmut/Erth      0%         N/A       100%        4
 Metabolic Englaciation   Hex/Ice        0%         N/A       100%        5
 Statue Form              Tmut/Erth      Unusable   N/A       N/A         6

Dungeon Overview and Level Annotations

Branches:
Dungeon (5/15)              Sewer (visited)
 Temple: D:4-7

Altars:
Fedhas
Kikubaaqudgha
Okawaru
Qazlal
Trog
Xom

Shops:
D:1 [


Innate Abilities, Weirdness & Mutations

You are immune to sickness and miasma.
Your stone body is resilient. (AC +4)
You are immune to poison.
You resist negative energy. (rN+)
You are resistant to electric shocks. (rElec)
You are resistant to unholy torment.
You are immune to petrification.


Message History

Beogh smites you! The gnoll hits you but does no damage.
The orc barely misses you. The orc hits you but does no damage.
The orc priest begins to cast a cantrip, but forgets the words!
The orc closely misses you.
The orc hits you from afar with a +0 trident!
You hit the orc wizard. You drain the orc wizard.
The orc wizard is heavily wounded.
The gnoll hits you but does no damage. You block the gnoll's attack.
The gnoll hits you but does no damage. You block the orc's attack.
The orc hits you but does no damage. The orc wizard closely misses you.
The gnoll attacks as you move away! You block the gnoll's attack.
The gnoll hits you with a +0 flail. The orc hits you but does no damage.
The gnoll attacks as you move away! You block the gnoll's attack.
The orc priest looks braver for a moment.
The gnoll attacks as you move away! The gnoll hits you but does no damage.
The orc wizard mumbles some strange words.
The orc wizard flickers and vanishes!
Deactivating autopickup; reactivate with Ctrl-A.
The orc attacks as you move away! The orc barely misses you.
The gnoll attacks as you move away! You block the gnoll's attack.
The orc attacks as you move away! The orc hits you but does no damage.
The gnoll attacks as you move away! The gnoll barely misses you.
The gnoll attacks as you move away! The gnoll hits you but does no damage.
There is a stone staircase leading up here.
You closely miss the gnoll. The gnoll hits you but does no damage.
You slash the gnoll! You drain the gnoll.
You kill the gnoll!
Okawaru accepts your kill.
You closely miss the gnoll. The gnoll hits you but does no damage.
The gnoll barely misses you.
The orc priest calls down the wrath of Beogh upon you.
Beogh smites you!
You hit the gnoll. You drain the gnoll.
The gnoll is severely wounded.
The gnoll hits you with a +0 flail!
* * * LOW HITPOINT WARNING * * *
The orc priest looks braver for a moment.
The orc priest mumbles some strange prayers to Beogh against you.
Beogh smites you!
You die...

..~ ~~.. ###
.... #.. .....
#.# .....##.#
......#.######
#.@.....#
#######g#####.#
......o{#
.######o# ###o#
# ###.go#####.#
#..._.......#
#._$......###
............#


You could see an orc priest, 2 gnolls and 3 orcs.

Vanquished Creatures
  A black bear (D:4)
  2 bullfrogs (Sewer)
  2 scorpions (D:4)
  A hound (D:4)
  An orc wizard (D:4)
  Natasha (D:3)
  2 gnolls (D:5)
  14 adders
  A river rat (D:4)
  4 worms
  5 dart slugs
  5 orcs
  15 ball pythons
  16 endoplasms
  14 giant cockroaches
  A goblin (D:4)
  9 hobgoblins
  2 jackals (D:1)
  10 quokkas
  2 bats (D:1)
  11 frilled lizards
  5 kobolds
  5 rats
129 creatures vanquished.

Notes
Turn   | Place    | Note
-------+----------+-------------------------------------------
     0 | D:1      | timneilson the Gargoyle Fighter began the quest for the
                  | Orb.
     0 | D:1      | Reached XP level 1. HP: 14/14 MP: 1/1
    45 | D:1      | Found Aquapoh's Armour Boutique.
    80 | D:1      | Reached XP level 2. HP: 19/19 MP: 2/2
   518 | D:1      | Reached XP level 3. HP: 15/23 MP: 3/3
   935 | D:2      | Reached XP level 4. HP: 28/28 MP: 4/4
  1571 | D:3      | Reached skill level 1 in Dodging
  1922 | D:3      | Found a faded altar of an unknown god.
  2167 | D:4      | Reached XP level 5. HP: 31/32 MP: 5/5
  2167 | D:4      | Found an iron altar of Okawaru.
  2180 | D:4      | Became a worshipper of Warmaster Okawaru
  2193 | D:4      | Noticed Natasha
  2207 | D:3      | Killed Natasha
  2303 | D:4      | Reached XP level 6. HP: 25/38 MP: 6/6
  2318 | D:4      | Noticed a black bear
  2325 | D:4      | Killed a black bear
  2325 | D:4      | Reached * piety under Okawaru
  2326 | D:4      | Reached skill level 1 in Invocations
  2422 | D:4      | Found a glowing drain.
  2428 | Sewer    | Entered a sewer
  2607 | Sewer    | Reached skill level 5 in Shields
  2652 | Sewer    | Reached XP level 7. HP: 41/43 MP: 7/7
  2722 | Sewer    | Reached skill level 5 in Armour
  3084 | D:4      | Reached ** piety under Okawaru
  3321 | D:5      | Entered Level 5 of the Dungeon
  3321 | D:5      | Found a stormy altar of Qazlal.
  3323 | D:5      | Found an ancient bone altar of Kikubaaqudgha.
  3324 | D:5      | Found a shimmering altar of Xom.
  3325 | D:5      | Found a bloodstained altar of Trog.
  3325 | D:5      | Found a blossoming altar of Fedhas.
  3349 | D:5      | Killed from afar by an orc priest

Illustrated notes

Levels and vault maps discovered:
D:1:      lightli_arrival_boilingwater, layout_basic, serial_shops, shop
D:2:      layout_loops_ring
D:3:      minmay_chambers_of_twos, layout_loops_ring,
          shapermc_ecumenical_altar_mp_highgroup, minivault_24,
          minmay_misc_feat_cross
D:4:      layout_rooms, okawaru_metal_pillars_1_2, gup_sewer_entry_bubbles,
          amcnicky_mini_corridor_feature, grunt_ministairs_9, nicolae_wormholes,
          uniq_natasha
D:5:      cheibrodos_helix_gallery, layout_loops_ring,
          nicolae_overflow_hidden_temple, grunt_temple_overflow_open,
          nemelex_spade_bored_becter, serial_shops, nicolae_shop_statue_plus,
          ebering_ghost_reflecting_pool, minmay_misc_feat_nine_boxes,
          item_on_display_a, uniq_grinder

Skill      XL: |  1  2  3  4  5  6  7 |
---------------+----------------------+-----
Long Blades    | 2 3 4 |  4.0
Armour         | 4 5 |  5.4
Shields        | 4 5 |  5.4
Dodging        | 1 |  1.9
Fighting       | 4 |  4.3
Invocations    | 1 |  1.9
Evocations     | |  0.4

Action                     |  1- 3 |  4- 6 |  7- 9 || total
---------------------------+-------+-------+-------++-------
  Melee: Long sword        |   102 |   107 |       ||   209
         Scimitar          |       |   149 |    97 ||   246
    Use: Scroll            |     3 |    10 |     3 ||    16
         Potion            |       |     1 |       ||     1
 Armour: Scale mail        |    61 |    39 |       ||   100
         Chain mail        |       |   141 |   100 ||   241
  Dodge: Dodged            |    51 |   138 |    65 ||   254
  Block: Buckler           |    36 |    97 |    50 ||   183

Table legend: (Time is in decaauts)
 A = Elapsed time spent in this place.
 B = Non-inter-level travel time spent in this place.
 C = Inter-level travel time spent in this place.
 D = Time resting spent in this place.
 E = Time spent auto-exploring this place.
 F = Levels seen in this place.
 G = Mean time per level.
                   A        B        C        D        E       F      G
               +--------+--------+--------+--------+--------+-----+--------+
         Total |   3605 |   3452 |    153 |      0 |   2290 |   6 |  600.8 |
       Dungeon |   2905 |   2752 |    153 |      0 |   1889 |   5 |  581.0 |
         Sewer |    700 |    700 |      0 |      0 |    400 |   1 |  700.0 |
               +--------+--------+--------+--------+--------+-----+--------+

Top non-repeatable levels by time:
     D:3: 871 daAuts
     D:2: 707 daAuts
   Sewer: 700 daAuts
     D:1: 678 daAuts
     D:4: 617 daAuts
     D:5: 30 daAuts
